 Dungeon Crawl Stone Soup version 0.22.0-49-gab54619 (webtiles) character file.

18 Folque the Vexing (level 2, 0/27 HPs)
             Began as an Ogre Arcane Marksman on Sept 7, 2018.
             Slain by an adder (2 damage)
             ... on level 2 of the Dungeon.
             The game lasted 00:04:07 (1325 turns).

Folque the Vexing (Ogre Arcane Marksman)            Turns: 1325, Time: 00:04:07

Health: 0/27       AC:  3    Str: 18    XL:     2   Next: 70%
Magic:  1/5        EV: 10    Int: 14    God:
Gold:   31         SH:  0    Dex:  9    Spells: 2/5 levels left

rFire    . . .     SeeInvis .   g - +0 whip
rCold    . . .     Gourm    .   (no shield)
rNeg     . . .     Faith    .   a - +0 robe
rPois    .         Spirit   .   (helmet restricted)
rElec    .         Reflect  .   (no cloak)
rCorr    .         Harm     .   (gloves unavailable)
MR       .....                  (boots unavailable)
Stlth    +.........             (no amulet)
HPRegen  0.09/turn              (no ring)
MPRegen  0.09/turn              (no ring)

@: mighty, lethally poisoned (0 -> -7)
A: large, unfitting armour, tough skin 1
a: no special abilities


You were on level 2 of the Dungeon.
You were not hungry.

You visited 1 branch of the dungeon, and saw 2 of its levels.

You collected 31 gold pieces.

Inventory:

Hand Weapons
 g - a +0 whip (weapon)
Missiles
 c - 3 large rocks (quivered)
 d - 2 throwing nets
Armour
 a - a +0 robe (worn)
Jewellery
 i - a +2 ring of evasion {unknown}
Scrolls
 b - a scroll of identify
 j - a scroll of remove curse
 k - a scroll of immolation {unknown}
Potions
 e - a potion of might
Comestibles
 f - 4 rations
 h - a chunk of flesh


   Skills:
 - Level 1.3 Fighting
 * Level 2.2 Throwing
 - Level 1.7 Dodging
 - Level 2.2 Spellcasting
 + Level 3.0 Hexes


You had 2 spell levels left.
You knew the following spells:

 Your Spells              Type           Power        Failure   Level  Hunger
a - Corona                Hex            ##.....      7%          1    #......
b - Slow                  Hex            ##......     11%         2    ###....

Your spell library contained the following spells:

 Spells                   Type           Power        Failure   Level  Hunger
 Inner Flame              Hex/Fire       #.......     36%         3    ###....
 Portal Projectile        Hex/Tloc       #.....       36%         3    ###....
 Cause Fear               Hex            ##........   56%         4    #####..
 Leda's Liquefaction      Hex/Erth       #.........   77%         4    #####..


Dungeon Overview and Level Annotations

Branches:
Dungeon (2/15)

Altars:


Innate Abilities, Weirdness & Mutations

You are too large for most types of armour.
You have tough skin. (AC +1)


Message History

Press: ? - help, Shift-Dir - straight line, f/p - adder
Aim: an adder (severely wounded)
You throw a large rock.
The large rock closely misses the adder.
The large rock barely misses the hobgoblin.
You feel sick. The adder bites you but does no damage. The adder bites you.
* * * LOW HITPOINT WARNING * * *
It was a potion of might.
You feel very mighty all of a sudden.
* * * LOW HITPOINT WARNING * * *
You feel sick. The adder bites you but does no damage.
The dart slug launches a dart at you. The slug dart hits you!
* * * LOW HITPOINT WARNING * * *
As you read the scroll labeled QADORGH VASM, it crumbles to dust.
It is a scroll of identify.
j - a scroll of remove curse
* * * LOW HITPOINT WARNING * * *
You feel sick. The adder bites you.
You die...

.#..$.....<..####
#. .............#
#.# ##...........#
#.# ##...#.#..รท.#
#.#
>......##<#.##.#
..#.##.w##.wg#.# .
#... ##..##...#
...
.#####...##.#.....
.......@Sg..(###
.....#.##.##..#
.## #. #..##(...
#. ##... ### #.
##.# ## .# . .


You could see an adder, a dart slug and a hobgoblin.

Vanquished Creatures
  A leopard gecko (D:1)
  A ball python (D:1)
  2 goblins (D:1)
  2 hobgoblins
  A kobold (D:1)
  A quokka (D:1)
  3 bats
  3 frilled lizards (D:1)
  4 rats (D:1)
18 creatures vanquished.

Notes
Turn   | Place    | Note
-------+----------+-------------------------------------------
     0 | D:1      | Folque the Ogre Arcane Marksman began the quest for the
                  | Orb.
     0 | D:1      | Reached XP level 1. HP: 19/19 MP: 2/2
   494 | D:1      | Reached XP level 2. HP: 5/27 MP: 3/5
   836 | D:1      | Learned a level 2 spell: Slow
  1132 | D:1      | Reached skill level 3 in Hexes
  1325 | D:2      | Slain by an adder

Skill      XL: |  1  2 |
---------------+-------+-----
Spellcasting   | 2 |  2.2
Hexes          | 3 |  3.0
Fighting       | |  1.3
Throwing       | |  2.2
Dodging        | |  1.7

Action                   || total
-------------------------++-------
Melee: Whip              ||    75
       Unarmed           ||     6
Throw: Large rock        ||     3
 Cast: Corona            ||    19
       Slow              ||     3
  Use: Scroll            ||     1
       Potion            ||     1
 Stab: Sleeping          ||     1
  Eat: Chunk             ||     2
Armor: Robe              ||    28
Dodge: Dodged            ||    55
